 Dungeon Crawl Stone Soup version 0.27.1-37-g7b29ead8ac (console) character file.

Game seed: 12494121165677020653

8643 grimtooth the Cleaver (level 10, -6/90 HPs)
             Began as a Demigod Delver on Jan 17, 2024.
             Mangled by an anaconda simulacrum (22 damage)
             ... in an ice cave on Jan 18, 2024.
             The game lasted 01:02:09 (13744 turns).

grimtooth the Cleaver (Demigod Delver)             Turns: 13744, Time: 01:02:10

Health: -6/90      AC:  6    Str: 21    XL:     10   Next: 89%
Magic:  13/13      EV: 17    Int: 16    God:
Gold:   404        SH:  0    Dex: 15    Spells: 9/9 levels left

rFire    + . .     SeeInvis .   b - +8 trident {flame, rF+ Will++ Stlth+}
rCold    . . .     Faith    .   (no shield)
rNeg     . . .     Spirit   .   K - +0 troll leather armour
rPois    .         Reflect  .   A - +0 helmet
rElec    .         Harm     .   (no cloak)
rCorr    .         Rampage  .   (no gloves)
Will     +++..                  (no boots)
Stlth    ++++......             (no amulet)
HPRegen  1.25/turn              z - ring of flight
MPRegen  0.13/turn              o - +4 ring of evasion

@: flying
A: high mp 1, forlorn, screaming 1
a: no special abilities


You were in an ice cave.
You visited 1 branch of the dungeon, and saw 11 of its levels.
You also visited: Ice Cave.

You collected 404 gold pieces.

Inventory:

Hand Weapons
 a - a +3 war axe
 b - the +8 trident "Aleul" (weapon) {flame, rF+ Will++ Stlth+}
   (You took it off Grum on level 8 of the Dungeon)

   It burns those it strikes, dealing additional fire damage.
   rF:        It protects you from fire.
   Will:      It greatly increases your willpower.
   Stlth:     It makes you more stealthy.
 j - a +0 hunting sling
Missiles
 h - 103 sling bullets
 m - 25 boomerangs
 n - a curare-tipped dart
 u - a throwing net {=f}
 G - 28 poisoned darts (quivered)
Armour
 A - a +0 helmet (worn)
 K - a +0 troll leather armour (worn)
 N - +0 acid dragon scales
Magical Staves
 t - a staff of death
Jewellery
 i - a +4 ring of protection
 o - a +4 ring of evasion (right hand)
 y - a ring of see invisible
 z - a ring of flight (left hand)
Wands
 f - a wand of flame (13)
 g - a wand of digging (2)
 k - a wand of acid (4)
Scrolls
 c - 3 scrolls of fog
 d - 4 scrolls of magic mapping
 e - a scroll of fear
 p - 2 scrolls of summoning {unknown}
 F - a scroll of noise {unknown}
 M - a scroll of amnesia {unknown}
 P - a scroll of teleportation {unknown}
Potions
 q - 3 potions of attraction
 r - 3 potions of lignification
 v - a potion of heal wounds
 w - a potion of might
 C - a potion of haste
 D - a potion of curing {unknown}
 H - 2 potions of invisibility {unknown}
 J - a potion of flight {unknown}
 L - a potion of mutation {unknown}


   Skills:
 * Level 8.6 Fighting
 - Level 10.0 Axes
 + Level 4.2 Throwing
 - Level 6.0 Armour
 + Level 4.7 Dodging
 - Level 6.2 Stealth


You had 9 spell levels left.
You didn't know any spells.
Your spell library contained the following spells:

 Spells                   Type           Power      Damage    Failure   Level
 Magic Dart               Conj           0%         1d3       28%         1
 Call Imp                 Summ           0%         N/A       41%         2
 Corpse Rot               Necr/Air       N/A        N/A       41%         2
 Poisonous Vapours        Pois/Air       0%         N/A       41%         2
 Mephitic Cloud           Conj/Pois/Air  0%         N/A       65%         3
 Freezing Cloud           Conj/Ice/Air   0%         6-21      100%        5


Dungeon Overview and Level Annotations

Branches:
Dungeon (11/15)            Temple (0/1) D:7            Lair (0/6) D:8
  IceCv (1/1)
    Orc: D:9-12

Shops:
D:2 [:   D:4 [   D:9 (

Annotations:
D:6 exclusions: boulder beetle, orc wizard, scorpion and water moccasin
D:7 exclusion: 2 skeletal warriors
D:8 exclusion: oklob plant
D:9 exclusion: 2 doors


Innate Abilities, Weirdness & Mutations

Your attributes grow dramatically as you level up.
You have an increased reservoir of magic. (+10% MP)
You shall have no god before yourself.
You occasionally shout uncontrollably at your foes.


Message History

You puncture the entropy weaver simulacrum!
You melt the entropy weaver simulacrum.
The entropy weaver simulacrum vaporises!
Reach: b) +8 trident {flame, rF+ Will++ Stlth+}
Press: ? - help, Dir - move target, f - you That would be overly suicidal.
Okay, then. 3 simulacra come into view.
The white ugly thing is engulfed in freezing vapours.
Reach: b) +8 trident {flame, rF+ Will++ Stlth+}
Press: ? - help, Dir - move target, f - elephant simulacrum
Aim: an elephant simulacrum (water, about 2% to evade the +8 trident "Aleul")
You reach to attack!
You puncture the elephant simulacrum!
You melt the elephant simulacrum.
The elephant simulacrum is heavily damaged.
You hear a horrible gurgling sound!
Aiming: Throw Flame
Press: ? - help, Shift-Dir - straight line, f/p - elephant simulacrum
Aim: an elephant simulacrum (water, heavily damaged, 100% to hit)
The puff of flame hits the anaconda simulacrum!
The anaconda simulacrum melts!
The anaconda simulacrum is moderately damaged.
The anaconda simulacrum is engulfed in a cloud of scalding steam.
The anaconda simulacrum constricts you but does no damage.
The anaconda simulacrum bites you. The anaconda simulacrum freezes you!!
Press: ? - help, v - describe, . - travel
Here: an anaconda simulacrum (steam, water, moderately damaged) Some ice crusted deep water.
You closely miss the anaconda simulacrum.
The anaconda simulacrum is moderately damaged.
The anaconda simulacrum is engulfed in a cloud of scalding steam.
The anaconda simulacrum constricts you but does no damage.
The anaconda simulacrum bites you! The anaconda simulacrum freezes you!!
* * * LOW HITPOINT WARNING * * *
The anaconda simulacrum is engulfed in a cloud of scalding steam.
The anaconda simulacrum constricts you but does no damage.
The anaconda simulacrum bites you.
* * * LOW HITPOINT WARNING * * *
The anaconda simulacrum freezes you!!
You die...

##.....##..#
##...###.##
.. ######..#
#. ##..##
#.. ##...#
#.. ##...##
#.# ##...##
#..##...##
#..#..####
#......#≈#
##...#@≈≈#
######Z≈#
#≈≈≈≈#
#≈≈≈## #u≈##
..4Z##
Z...Z.
W.ZZ.8
...4..
..4_.. ...Z


You could see an anaconda simulacrum.

Vanquished Creatures
  A two-headed ogre (D:8)
  A centaur zombie (D:10)
  2 kobold demonologists (D:11)
  An anaconda simulacrum (IceCv)
  An entropy weaver simulacrum (IceCv)
  An ice devil (IceCv)
  2 trolls
  A hornet (D:9)
  Grinder (D:3)
  A dire elephant simulacrum (IceCv)
  4 yaks (D:9)
  A steam dragon (D:7)
  Grum (D:8)
  Menkaure (D:5)
  An acid dragon (D:9)
  A floating eye (D:8)
  A water moccasin (D:9)
  2 sky beasts
  2 black bears
  An orc warrior (D:9)
  2 necrophages
  7 wolves
  2 ogres (D:5)
  2 centaurs
  4 kobold brigands
  A phantom (D:6)
  3 bullfrogs
  A gnoll sergeant (D:9)
  2 cane toad simulacra (IceCv)
  A water moccasin zombie (D:6)
  An elephant simulacrum (IceCv)
  9 killer bees
  7 wights
  5 electric eels (D:8)
  2 howler monkeys (D:7)
  3 hounds
  3 orc priests
  A jelly (D:8)
  5 iguanas
  Ijyb (D:5)
  Terence (D:3)
  3 polar bear simulacra (IceCv)
  A spriggan simulacrum (IceCv)
  5 orc wizards
  A troll simulacrum (IceCv)
  A wolf simulacrum (IceCv)
  A howler monkey zombie (D:6)
  3 naga simulacra (IceCv)
  5 gnolls (D:9)
  8 adders
  12 white imps (D:11)
  An adder zombie (D:5)
  2 dart slugs
  19 orcs
  4 ball pythons
  3 endoplasms
  A giant cockroach (D:1)
  9 goblins
  7 hobgoblins
  13 kobolds
  4 quokkas
  6 bats
  6 frilled lizards
  2 rats (D:2)
207 creatures vanquished.

Vanquished Creatures (others)
  A white imp (D:8)
  11 plants (D:8)
12 creatures vanquished.

Grand Total: 219 creatures vanquished

Notes
Turn   | Place    | Note
-------+----------+-------------------------------------------
     0 | D:5      | grimtooth the Demigod Delver began the quest for the Orb.
     0 | D:5      | Reached XP level 1. HP: 18/18 MP: 3/3
    23 | D:5      | Noticed Menkaure
    93 | D:5      | Reached skill level 2 in Axes
   300 | D:4      | Noticed an orc wizard
   473 | D:4      | Reached XP level 2. HP: 25/25 MP: 4/4
   662 | D:2      | Found Acotefa's Book Boutique.
  1116 | D:1      | Reached XP level 3. HP: 28/30 MP: 5/5
  1275 | D:1      | Reached skill level 3 in Axes
  1737 | D:2      | Found Tisidel's Armour Boutique.
  2286 | D:3      | Noticed Terence
  2356 | D:3      | Reached skill level 5 in Stealth
  2440 | D:3      | Noticed Grinder
  2857 | D:4      | Found Woclec's Armour Boutique.
  3099 | D:4      | You fall into a shaft and drop 3 floors!
  3131 | D:7      | Noticed a sky beast
  3136 | D:7      | Reached XP level 4. HP: 37/37 MP: 6/6
  3147 | D:7      | Killed a sky beast
  3148 | D:7      | Reached skill level 4 in Axes
  3148 | D:7      | Reached XP level 5. HP: 34/42 MP: 7/7
  3296 | D:7      | Noticed a steam dragon
  3347 | D:7      | Reached skill level 5 in Axes
  3385 | D:7      | Noticed a skeletal warrior
  3536 | D:6      | Noticed a sky beast
  3573 | D:6      | Killed a sky beast
  3574 | D:6      | Reached XP level 6. HP: 39/50 MP: 8/8
  3818 | D:5      | Reached skill level 6 in Axes
  4052 | D:5      | Noticed Ijyb
  4083 | D:5      | Killed Ijyb
  4767 | D:4      | Reached XP level 7. HP: 39/57 MP: 9/9
  5733 | D:5      | Killed Menkaure
  5734 | D:5      | Reached skill level 7 in Axes
  6301 | D:6      | Noticed a boulder beetle
  7022 | D:6      | Reached XP level 8. HP: 67/67 MP: 10/10
  7138 | D:7      | Found a staircase to the Ecumenical Temple.
  7284 | D:7      | Reached skill level 8 in Axes
  7993 | D:3      | Killed Terence
  8074 | D:3      | Paralysed by Grinder for 7 turns
  8081 | D:3      | Killed Grinder
  8082 | D:3      | Reached skill level 5 in Fighting
  8675 | D:7      | Noticed a skeletal warrior
  8761 | D:7      | Reached skill level 9 in Axes
  8891 | D:8      | Noticed an oklob plant
  8894 | D:8      | Paralysed by a floating eye for 2 turns
  8901 | D:8      | Paralysed by a floating eye for 4 turns
  9117 | D:8      | Found a staircase to the Lair.
  9190 | D:8      | Identified the +8 trident "Aleul" {flame, rF+ Will++
                  | Stlth+}
  9190 | D:8      | Noticed Grum
  9215 | D:7      | Reached XP level 9. HP: 48/75 MP: 11/11
  9503 | D:8      | Reached skill level 1 in Armour
  9632 | D:7      | Reached skill level 10 in Axes
 10338 | D:8      | - jeez pretty fancy trident there G
 10574 | D:8      | Reached skill level 5 in Armour
 10683 | D:8      | Noticed a two-headed ogre
 10699 | D:8      | Killed a two-headed ogre
 11008 | D:8      | Killed Grum
 11009 | D:8      | Reached skill level 1 in Throwing
 11186 | D:9      | Noticed a boulder beetle
 11364 | D:9      | Found Itath's Antique Weapon Emporium.
 11449 | D:9      | Reached XP level 10. HP: 73/84 MP: 13/13
 11505 | D:9      | Paralysed by a hornet for 3 turns
 11839 | D:9      | Identified the +1 long sword of Tortfeasance {vorpal, rPois
                  | Str+4}
 12463 | D:10     | Entered Level 10 of the Dungeon
 12504 | D:10     | You fall into a shaft and drop 1 floor!
 12517 | D:11     | Noticed a soul eater
 12519 | D:11     | Gained mutation: You occasionally shout uncontrollably at
                  | your foes. [a neqoxec]
 12727 | D:11     | Found a frozen archway.
 12799 | IceCv    | Entered an ice cave
 13738 | IceCv    | Noticed a white ugly thing
 13744 | IceCv    | Mangled by an anaconda simulacrum

Illustrated notes

#.......#......##........
#...[...#####.#(.........
#.............(.#........
#.......#####.###........
#.......# #..# #........
#.......# ##.## #........
#.......###..# #########
######...##h##
#.†...h..g# #.........#
#.......@.# #.........#
#.........# #.........#
###########


Turn 10338 on D:8: - jeez pretty fancy trident there G

Levels and vault maps discovered:
D:1:      onia_arrival_pentagram, layout_loops_corners, hex_large, minivault_25,
          wander_ebering_terrifying_dragon_lair
D:2:      layout_basic, basic_altar, serial_shops, shop, shop_statue,
          hellmonk_ecumenical_altar_leap_of_faith
D:3:      layout_basic, minmay_crystal_room, uniq_terence, uniq_grinder
D:4:      layout_basic, serial_shops, nicolae_shop_behind_doors
D:5:      layout_basic, uniq_menkaure, uniq_ijyb
D:6:      layout_gridville
D:7:      layout_basic, minmay_temple_entry_glassed_door
D:8:      layout_rooms, erik_lair_island, disabler_island, uniq_grum
D:9:      layout_roguey, serial_corexii_hall, chequers_hall_statues_y,
          corexii_hall_statues_x, serial_shops, nicolae_shop_window_shopping
D:10:     layout_loops_ring, fiery_altar_vehumet, chequers_mini_garden
D:11:     layout_irregular_city, erik_orc_4, portal_ice_cave_entry_imps
IceCv:    ice_cave_small_necro

Skill      XL: |  1  2  3  4  5  6  7  8  9 10 |
---------------+-------------------------------+-----
Axes           | 2 3 4 5 6 7 9 10 | 10.0
Stealth        | 5 6 |  6.2
Fighting       | 3 4 5 6 8 |  8.6
Armour         | 6 |  6.0
Dodging        | 2 4 |  4.7
Throwing       | 1 4 |  4.2

Action                   |  1- 3 |  4- 6 |  7- 9 | 10-12 || total
-------------------------+-------+-------+-------+-------++-------
Melee: Hand axe          |   144 |   123 |   119 |       ||   386
       Hunting sling     |     1 |       |       |       ||     1
       War axe           |       |       |   205 |    85 ||   290
       Trident           |       |       |     3 |    96 ||    99
 Fire: Hunting sling     |     8 |    23 |    94 |    34 ||   159
Throw: Stone             |    51 |     4 |     6 |       ||    61
       Dart              |       |       |    11 |    15 ||    26
Evoke: Wand              |       |     2 |    21 |     7 ||    30
  Use: Scroll            |     4 |       |     5 |       ||     9
       Potion            |       |       |     5 |     1 ||     6
 Stab: Sleeping          |     5 |     1 |     2 |     2 ||    10
Armor: Ring mail         |    64 |    39 |    88 |       ||   191
       Leather armour    |     3 |       |       |       ||     3
       Troll leather arm |       |       |    10 |    60 ||    70
Dodge: Dodged            |   114 |    55 |   319 |   134 ||   622
